 Dungeon Crawl Stone Soup version 0.30-a0-760-g5a9884bb7c (webtiles) character file.

Game seed: 13401440792697691724

101 lunkers the Slasher (level 5, -1/45 HPs)
             Began as a Meteoran Fighter on Feb 10, 2023.
             Killed from afar by Dowan (2 damage)
             ... with a puff of flame
             ... on level 5 of the Dungeon.
             The game lasted 00:03:19 (828 turns).

lunkers the Slasher (Meteoran Fighter)               Turns: 828, Time: 00:03:20

Health: -1/45      AC:  6    Str: 17    XL:     5   Next: 26%
Magic:  6/6        EV:  9    Int: 10    God:
Gold:   41         SH:  5    Dex: 15    Spells: 4/4 levels left

rFire   . . .      SeeInvis .    a - +0 long sword
rCold   . . .      Faith    .    c - +0 buckler
rNeg    . . .      Spirit   .    b - +0 scale mail
rPois   .          Reflect  .    (no helmet)
rElec   .          Harm     .    (no cloak)
rCorr   .          Rampage  .    (no gloves)
Will    .....                    (no boots) Stlth
                                 l - amulet of the acrobat
HPRegen 0.27/turn                (no ring)
MPRegen 0.10/turn                (no ring)

@: hasted, glowing, very quick
A: sense surroundings 1, otherworldly, glowing, explore regen
a: no special abilities


You were on level 5 of the Dungeon.
You visited 1 branch of the dungeon, and saw 5 of its levels.

You collected 41 gold pieces.

Inventory:

Hand Weapons
 a - a +0 long sword (weapon)
Armour
 b - a +0 scale mail (worn)
 c - a +0 buckler (worn)
Jewellery
 l - an amulet of the acrobat (around neck)
Wands
 n - a wand of paralysis (11)
Scrolls
 d - a scroll of enchant armour {unknown}
 e - a scroll of fog {unknown}
 f - 2 scrolls of blinking {unknown}
 g - a scroll of teleportation {unknown}
 i - 2 scrolls of identify
 m - a scroll of poison {unknown}
Potions
 h - a potion of resistance {unknown}
 j - a potion of flight {unknown}
 k - a potion of haste


   Skills:
 - Level 3.2 Fighting
 + Level 5.8 Long Blades
 - Level 3.6 Armour
 - Level 3.6 Shields


You had 4 spell levels left.
You didn't know any spells.
Your spell library contained the following spells:

 Spells                   Type           Power      Damage    Failure   Level
 Shock                    Conj/Air       0%         1d3       86%         1
 Inner Flame              Hex/Fire       0%         N/A       99%         3
 Swiftness                Air            0%         N/A       99%         3
 Airstrike                Air            0%         2d(0-16)  100%        4
 Flame Wave               Conj/Fire      0%         2d4       100%        4
 Sticky Flame             Conj/Fire      0%         2d3       100%        4


Dungeon Overview and Level Annotations

Branches:
Dungeon (5/15) Zot: 2155
 Temple: D:4-7

Altars:
Zin

Annotations:
D:5 Dowan, Duvessa


Innate Abilities, Weirdness & Mutations

You passively map a small area around you.
You are easily found by Zot.
You glow in the dark.
You regain HP and MP as you explore.


Message History

The helpless Duvessa fails to defend herself.
You slash Duvessa!
Duvessa is moderately wounded.
Duvessa is no longer paralysed.
You block Duvessa's attack. Dowan hits you with a +0 dagger.
The dart slug closely misses you. Duvessa hits you with a +0 short sword!
* * * LOW HITPOINT WARNING * * *
You slash Duvessa!
Duvessa is heavily wounded.
Duvessa hits you with a +0 short sword!
* * * LOW HITPOINT WARNING * * *
Dowan zaps a wand.
The bolt of light hits you.
* * * LOW HITPOINT WARNING * * *
The dart slug launches a dart at you. The slug dart hits you.
* * * LOW HITPOINT WARNING * * *
Duvessa misses you. Dowan casts a spell at you. The puff of frost hits you!
* * * LOW HITPOINT WARNING * * *
Duvessa hits you with a +0 short sword.
* * * LOW HITPOINT WARNING * * *
You climb downwards.
There is a stone staircase leading up here.
Unknown command.
Unknown command.
Unknown command.
Okay, then.
As you read the scroll labelled AGUTUOGAOL, it crumbles to dust.
It is a scroll of identify.
k - 2 potions of haste You block Duvessa's attack.
Dowan smirks and points a slender finger.
Dowan gestures at you while chanting.
The puff of frost hits you but does no damage.
The dart slug closely misses you.
You feel yourself speed up. Duvessa hits you but does no damage.
Dowan gestures at you while chanting. The puff of flame hits you.
You die...

, , , * , * * , , *
#######,,, , *
#ew...###### ,
#e@...#....# ,
#.....'....#
#.....#....#,
#.....##...# , ,,
#.....##...# ,,
#.....##...#
#######......#...# *
#....#.......'...#.....#
#....#.......#...#.....#


You could see Duvessa (fast), Dowan and a dart slug.

Vanquished Creatures
  Terence (D:2)
  6 adders
  A worm (D:2)
  A giant cockroach (D:2)
  2 goblins (D:2)
  2 hobgoblins
  3 jackals (D:3)
  A quokka (D:1)
  3 ball pythons (D:2)
  4 bats
  A frilled lizard (D:2)
25 creatures vanquished.

Vanquished Creatures (others)
  A kobold (D:3)
1 creature vanquished.

Grand Total: 26 creatures vanquished

Notes
Turn   | Place    | Note
-------+----------+-------------------------------------------
     0 | D:1      | lunkers the Meteoran Fighter began the quest for the Orb.
     0 | D:1      | Reached XP level 1. HP: 19/19 MP: 2/2
    74 | D:2      | Reached skill level 3 in Long Blades
    74 | D:2      | Reached XP level 2. HP: 15/26 MP: 3/3
   113 | D:2      | Reached skill level 4 in Long Blades
   113 | D:2      | Reached XP level 3. HP: 29/31 MP: 4/4
   213 | D:2      | Noticed Terence
   220 | D:2      | Reached XP level 4. HP: 28/38 MP: 5/5
   221 | D:2      | Found a glowing silver altar of Zin.
   225 | D:2      | Killed Terence
   226 | D:2      | Reached skill level 5 in Long Blades
   553 | D:3      | Reached XP level 5. HP: 42/45 MP: 6/6
   688 | D:3      | You fall into a shaft and drop 2 floors!
   688 | D:5      | Entered Level 5 of the Dungeon
   813 | D:4      | Noticed Duvessa
   813 | D:4      | Noticed Dowan
   825 | D:4      | HP: 1/45 [Duvessa/+0 short sword (2)]
   828 | D:5      | Killed from afar by Dowan

Illustrated notes

Levels and vault maps discovered:
D:1:      onia_arrival_mini_maze, layout_loops_ring
D:2:      layout_rooms, basic_altar, uniq_crazy_yiuf_cottage, uniq_terence
D:3:      layout_loops_corners, grunt_temple_overflow_order_and_chaos_1,
          serial_park_tiny_1
D:4:      minmay_razor_zed, layout_cave_pods, portal_sewer_entry_e, uniq_duvessa
D:5:      layout_gridville

Skill      XL: |  1  2  3  4 |
---------------+-------------+-----
Long Blades    | 3 4 5 |  5.8
Fighting       | |  3.2
Armour         | |  3.6
Shields        | |  3.6

Action                     |  1- 3 |  4- 6 || total
---------------------------+-------+-------++-------
  Melee: Long sword        |    29 |    49 ||    78
  Evoke: Wand              |       |     1 ||     1
    Use: Potion            |     1 |     1 ||     2
         Scroll            |       |     1 ||     1
   Stab: Paralysed         |       |     4 ||     4
 Armour: Scale mail        |    13 |    20 ||    33
  Dodge: Dodged            |    15 |    23 ||    38
  Block: Buckler           |    15 |    12 ||    27

Table legend: (Time is in decaauts)
 A = Elapsed time spent in this place.
 B = Non-inter-level travel time spent in this place.
 C = Inter-level travel time spent in this place.
 D = Time resting spent in this place.
 E = Time spent auto-exploring this place.
 F = Levels seen in this place.
 G = Mean time per level.
                   A        B        C        D        E       F      G
               +--------+--------+--------+--------+--------+-----+--------+
         Total |    843 |    822 |     21 |      0 |    574 |   5 |  168.6 |
       Dungeon |    843 |    822 |     21 |      0 |    574 |   5 |  168.6 |
               +--------+--------+--------+--------+--------+-----+--------+

Top non-repeatable levels by time:
     D:3: 332 daAuts
     D:2: 273 daAuts
     D:5: 127 daAuts
     D:1: 97 daAuts
     D:4: 13 daAuts
